 Dungeon Crawl Stone Soup version 0.31-a0-152-g6aa68a64a1 (webtiles) character file.

Game seed: 10574489381384344661

4 Hajna the Sneak (level 1, -8/9 HPs)
             Began as a Spriggan Enchanter on June 11, 2023.
             Mangled by a goblin
             ... wielding a +1 dagger of distortion
              (17 damage)
             ... on level 1 of the Dungeon.
             The game lasted 00:00:57 (97 turns).

Hajna the Sneak (Spriggan Enchanter)                  Turns: 97, Time: 00:00:58

Health: -8/9       AC:  2    Str:  4    XL:     1   Next: 58%
Magic:  5/5        EV: 17    Int: 16    God:
Gold:   16         SH:  0    Dex: 15    Spells: 5/5 levels left

rFire   . . .        a - +1 dagger
rCold   . . .        (no shield)
rNeg    . . .        b - +0 robe
rPois   .            (helmet restricted)
rElec   .            (no cloak)
rCorr   .            (gloves unavailable)
SInv    +            (boots unavailable)
Will    .....        (no amulet)
Stlth   +++          (no ring)
HPRegen 0.21/turn    (no ring)
MPRegen 0.09/turn

%: no passive effects
@: very quick
A: very small, no large weapons, unfitting armour, see invisible, speed 3
a: no special abilities


You were on level 1 of the Dungeon.
You visited 1 branch of the dungeon, and saw 1 of its levels.

You collected 16 gold pieces.

Inventory:

Hand Weapons
 a - a +1 dagger (weapon)
Armour
 b - a +0 robe (worn)
Potions
 c - 2 potions of invisibility
 d - a potion of curing {unknown}


   Skills:
 + Level 1.1 Short Blades
 + Level 2.6 Dodging
 + Level 4.4 Stealth
 + Level 2.9 Spellcasting
 + Level 3.9 Hexes


You had 5 spell levels left.
You didn't know any spells.
Your spell library contained the following spells:

 Spells                   Type           Power      Damage    Failure   Level
 Confusing Touch          Hex            14%        N/A       12%         3
 Tukima's Dance           Hex            14%        N/A       12%         3
 Ensorcelled Hibernation  Hex/Ice        16%        N/A       13%         2
 Dazzling Flash           Conj/Hex       16%        N/A       26%         3


Dungeon Overview and Level Annotations

Branches:
Dungeon (1/15)

Altars:


Innate Abilities, Weirdness & Mutations

You are very small and have problems with some larger weapons.
You are too small for most types of armour.
You have supernaturally acute eyesight. (SInv)
You cover ground extremely quickly. (Speed+++)


Message History

The quokka bites you but does no damage.
Things that are here:
a +0 club; a goblin corpse You hit the quokka.
You kill the quokka!
e - 2 poisoned darts (gained 1)
You see here a quokka corpse.
There is a stone staircase leading down here.
e - 3 poisoned darts (gained 1)
You now have 16 gold pieces.
e - 4 poisoned darts (gained 1)
A kobold comes into view. It is wielding a +0 dagger.
You throw a poisoned dart. The poisoned dart hits the kobold.
The kobold shouts!
You hear a shout!
You throw a poisoned dart. The poisoned dart hits the kobold.
The kobold is poisoned.
A goblin comes into view.
It is wielding a +1 dagger of distortion.
You throw a poisoned dart.
The poisoned dart barely misses the kobold.
The poisoned dart barely misses the goblin.
You throw a poisoned dart. The poisoned dart hits the kobold.
The kobold looks even sicker.
The kobold is moderately wounded.
Nothing quivered!
You kill the kobold!
There is a stone staircase leading down here.
You see here a quokka corpse.
Things that are here:
a +0 club; a goblin corpse
Things that are here:
a +0 club; a goblin corpse You see here a quokka corpse.
You closely miss the goblin. The goblin barely misses you.
You miss the goblin. The goblin barely misses you.
You barely miss the goblin. The goblin closely misses you.
You hit the goblin.
The goblin is moderately wounded.
The goblin hits you but does no damage. Space warps horribly around you!
Ouch! That really hurt!
You die...

#.##.# ####### #.##.#
#...... #.##.# #......
#.##.# #...... #.##.#
#...$:. #.##.#
#......##.##.####
(([().......>...########
#..(...####...g@†).....#
#...... #.....###.##.$#
##..### #.....# +# #.
##.#### #. #.# #+# # #.#
#.# #.#####.# ##'##
##......#####...###
#.......'.'.'.<.'.+


You could see a goblin.

Vanquished Creatures
  A goblin (D:1)
  A hobgoblin (D:1)
  A quokka (D:1)
  A kobold (D:1)
4 creatures vanquished.

Notes
Turn   | Place    | Note
-------+----------+-------------------------------------------
     0 | D:1      | Hajna the Spriggan Enchanter began the quest for the Orb.
     0 | D:1      | Reached XP level 1. HP: 9/9 MP: 5/5
    97 | D:1      | Mangled by a goblin

Illustrated notes

Levels and vault maps discovered:
D:1:      minmay_arrival_doors, layout_basic, minmay_tripent

Action                     || total
---------------------------++-------
  Melee: Dagger            ||     8
  Throw: Dart              ||     8
 Armour: Robe              ||     2
  Dodge: Dodged            ||     4

Table legend: (Time is in decaauts)
 A = Elapsed time spent in this place.
 B = Non-inter-level travel time spent in this place.
 C = Inter-level travel time spent in this place.
 D = Time resting spent in this place.
 E = Time spent auto-exploring this place.
 F = Levels seen in this place.
 G = Mean time per level.
                   A        B        C        D        E       F      G
               +--------+--------+--------+--------+--------+-----+--------+
         Total |     68 |     65 |      3 |      0 |     20 |   1 |   68.0 |
       Dungeon |     68 |     65 |      3 |      0 |     20 |   1 |   68.0 |
               +--------+--------+--------+--------+--------+-----+--------+

Top non-repeatable levels by time:
     D:1: 68 daAuts
